 Dungeon Crawl Stone Soup version 0.23-a0-164-g7711e57 (webtiles) character file.

13449 Gildeon the Severer (level 11, -4/94 HPs)
             Began as a Minotaur Fighter on Sept 9, 2018.
             Was the Champion of Zin.
             Slain by a red ugly thing (20 damage)
             ... on level 11 of the Dungeon.
             The game lasted 00:49:17 (10191 turns).

Gildeon the Severer (Minotaur Fighter)             Turns: 10191, Time: 00:49:18

Health: -4/94      AC: 16    Str: 29    XL:     11   Next: 75%
Magic:  17/17      EV:  9    Int:  5    God:    Zin [******]
Gold:   684        SH:  0    Dex: 10    Spells: 19/20 levels left

rFire    . . .     SeeInvis .   a - +1 war axe
rCold    . . .     Gourm    .   (no shield)
rNeg     . . .     Faith    .   F - +0 plate armour
rPois    .         Spirit   .   (helmet restricted)
rElec    .         Reflect  .   j - +2 cloak
rCorr    .         Harm     .   g - +0 pair of gloves
MR       .....                  (no boots)
Stlth    ..........             u - amulet of rage
HPRegen  0.25/turn              k - +3 ring of slaying
MPRegen  0.15/turn              h - +5 ring of strength

@: no status effects
A: retaliatory headbutt, horns 2
a: Recite, Vitalisation, Imprison, Sanctuary, Donate Gold, Renounce Religion,
Evoke Berserk Rage


You were on level 11 of the Dungeon.
You worshipped Zin.
Zin was exalted by your worship.
You were not hungry.

You visited 2 branches of the dungeon, and saw 12 of its levels.

You collected 759 gold pieces.
You donated 75 gold pieces to Zin.

Inventory:

Hand Weapons
 a - a +1 war axe (weapon)
 t - a +3 trident
Armour
 g - a +0 pair of gloves (worn)
 j - a +2 cloak (worn)
 F - a +0 plate armour (worn)
Jewellery
 h - a +5 ring of strength (right hand)
 k - a +3 ring of slaying (left hand)
 r - an uncursed ring of protection from cold
 u - an amulet of rage (around neck)
 E - an uncursed ring of resist corrosion {unknown}
 G - a +3 ring of dexterity
Wands
 b - a wand of acid (15)
 c - a wand of disintegration (8)
 v - a wand of digging (17)
 w - a wand of paralysis (4)
 H - a wand of flame (19)
Scrolls
 d - 4 scrolls of teleportation
 e - 5 scrolls of remove curse
 p - a scroll of fog
 q - a scroll of blinking
 x - a scroll of fear
 y - a scroll of enchant weapon
 B - a scroll of enchant armour
Potions
 i - 3 potions of haste
 l - 2 potions of flight
 m - 3 potions of curing
 n - a potion of mutation
 s - 2 potions of might
 z - a potion of berserk rage {unknown}
 A - a potion of agility {unknown}
 C - 2 potions of invisibility {unknown}
 D - a potion of magic {unknown}
Comestibles
 f - 24 rations
 o - 2 chunks of flesh


   Skills:
 + Level 8.0 Fighting
 * Level 15.4 Axes
 - Level 5.0 Armour
 - Level 5.0 Dodging
   Level 3.6 Shields
 - Level 5.0 Spellcasting
 + Level 0.6 Hexes
 - Level 5.0 Invocations
 - Level 5.0 Evocations


You had 19 spell levels left.
You knew the following spells:

 Your Spells              Type           Power        Failure   Level  Hunger
a - Corona                Hex            #......      94%         1    ##.....

Your spell library contained the following spells:

 Spells                   Type           Power        Failure   Level  Hunger
 Summon Small Mammal      Summ           #...         97%         1    ##.....
 Call Imp                 Summ           #.......     99%         2    ###....
 Ensorcelled Hibernation  Hex/Ice        #.....       99%         2    ###....
 Call Canine Familiar     Summ           #.......     100%        3    ####...
 Confuse                  Hex            #.......     100%        3    ####...
 Dazzling Spray           Conj/Hex       #.....       100%        3    ####...
 Summon Guardian Golem    Hex/Summ       #.......     100%        3    ####...
 Tukima's Dance           Hex            #.......     100%        3    ####...
 Leda's Liquefaction      Hex/Erth       #.........   100%        4    #####..
 Summon Ice Beast         Ice/Summ       #.......     100%        4    #####..
 Summon Lightning Spire   Summ/Air       #.......     100%        4    #####..
 Bolt of Magma            Conj/Fire/Erth #.........   100%        5    ######.
 Iron Shot                Conj/Erth      #.........   100%        6    #######
 Statue Form              Tmut/Erth      #........    100%        6    #######
 Shatter                  Erth           #.........   100%        9    #######


Dungeon Overview and Level Annotations

Branches:
Dungeon (11/15)            Temple (1/1) D:6            Lair (0/6) D:11
    Orc (0/2) D:11

Altars:
Ashenzari
Cheibriados
Dithmenos
Elyvilon
Fedhas
Gozag
Hepliaklqana
Kikubaaqudgha
Makhleb
Nemelex Xobeh
Okawaru
Qazlal
Ru
Sif Muna
Trog
Uskayaw
Vehumet
Wu Jian
Xom
Yredelemnul
Zin
The Shining One

Shops:
D:5 [**!   D:6 ?[   D:10 [

Annotations:
D:3 2 transporters


Innate Abilities, Weirdness & Mutations

You reflexively headbutt those who attack you in melee.
You have a pair of horns on your head.


Message History

The red ugly thing kicks you but does no damage.
You slash the red ugly thing!
The red ugly thing is severely wounded.
The red ugly thing kicks you but does no damage.
Your plate armour prevents you from hitting the red ugly thing.
You headbutt the red ugly thing, but do no damage.
The red ugly thing is severely wounded.
You completely miss the red ugly thing.
The red ugly thing is severely wounded.
The red ugly thing kicks you.
You are engulfed in flames!
You closely miss the red ugly thing. You headbutt the red ugly thing!
The red ugly thing is almost dead.
The red ugly thing kicks you.
You are engulfed in flames!
* * * LOW HITPOINT WARNING * * *
You slash the red ugly thing!
The red ugly thing is almost dead.
The red ugly thing kicks you!
* * * LOW HITPOINT WARNING * * *
You are engulfed in flames!!
You die...

#....<.
.....##...
.### ##.# #.#
#.# #+## .#
#.#
...#####...###
#.#
#.?[....♣...
#.# ##@u## ...
#+ #....## ..
#.....##.#
#......#.#.+
#..........#
#......#####
#####.##
####.# #....#


You could see a red ugly thing.

Vanquished Creatures
  A hydra (D:10)
  3 two-headed ogres
  A deep troll (D:10)
  A manticore (D:10)
  An ugly thing (D:9)
  2 centaur zombies (D:10)
  Psyche (D:9)
  A hornet (D:8)
  Grinder (D:4)
  2 hippogriffs
  Sigmund (D:2)
  A spriggan (D:8)
  A wyvern (D:8)
  Eustachio (D:5)
  3 yaks (D:9)
  2 hungry ghosts
  Menkaure (D:5)
  2 water moccasins
  An acid dragon (D:10)
  2 ice beasts (D:8)
  4 orc warriors
  3 black bears (D:11)
  7 ogres
  A necrophage (D:10)
  2 phantoms
  7 centaurs
  A crocodile (D:11)
  2 big kobolds
  9 bullfrogs
  3 scorpions
  3 jellies
  A water moccasin skeleton (D:7)
  4 killer bees (D:11)
  4 wights (D:5)
  4 howler monkeys
  4 crimson imps
  3 bullfrog zombies
  2 quasits (D:8)
  8 hounds
  10 orc wizards
  5 orc priests
  3 bullfrog skeletons
  4 centaur skeletons
  Natasha (twice) (D:4)
  2 iguanas
  5 worker ants
  2 killer bee zombies
  A hound skeleton (D:9)
  Robin (D:2)
  A howler monkey zombie (D:9)
  21 adders
  4 shadow imps
  2 adder skeletons
  5 dart slugs
  4 worms
  7 leopard geckos
  39 orcs
  2 ball pythons
  10 bats
  4 giant cockroaches
  18 goblins
  12 hobgoblins
  11 jackals
  10 quokkas
  8 frilled lizards
  A jackal zombie (D:7)
  16 kobolds
  A leopard gecko skeleton (D:4)
  8 rats
  A spectral orc (D:3)
  5 fungi (D:11)
  3 plants (D:11)
329 creatures vanquished.

Vanquished Creatures (others)
  An orc wizard (D:10)
  2 fungi (D:11)
3 creatures vanquished.

Grand Total: 332 creatures vanquished

Notes
Turn   | Place    | Note
-------+----------+-------------------------------------------
     0 | D:1      | Gildeon the Minotaur Fighter began the quest for the Orb.
     0 | D:1      | Reached XP level 1. HP: 19/19 MP: 0/0
   259 | D:1      | Reached skill level 3 in Axes
   259 | D:1      | Reached XP level 2. HP: 24/27 MP: 1/1
   528 | D:1      | Reached XP level 3. HP: 17/33 MP: 2/2
  1177 | D:2      | Noticed Sigmund
  1182 | D:2      | Reached skill level 4 in Axes
  1184 | D:2      | Killed Sigmund
  1184 | D:2      | Reached skill level 5 in Fighting
  1184 | D:2      | Reached skill level 5 in Axes
  1184 | D:2      | Reached XP level 4. HP: 18/42 MP: 3/3
  1184 | D:2      | Reached XP level 5. HP: 20/48 MP: 4/4
  1241 | D:2      | Reached skill level 5 in Armour
  1270 | D:2      | Reached XP level 6. HP: 32/56 MP: 5/5
  1414 | D:2      | Reached skill level 1 in Dodging
  1449 | D:2      | Found an ornate altar of the Wu Jian Council.
  1467 | D:2      | Found a glowing golden altar of the Shining One.
  1551 | D:2      | Noticed Robin
  1568 | D:2      | Killed Robin
  1633 | D:2      | Found a glowing silver altar of Zin.
  1641 | D:2      | Reached skill level 6 in Axes
  1659 | D:2      | Became a worshipper of Zin the Law-Giver
  1659 | D:2      | Reached * piety under Zin
  2235 | D:3      | Found a transporter.
  2238 | D:3      | Found a transporter.
  2317 | D:3      | Found a shattered altar of Ashenzari.
  2574 | D:3      | Reached skill level 1 in Spellcasting
  2721 | D:3      | Found a basalt altar of Yredelemnul.
  2788 | D:4      | Reached XP level 7. HP: 61/61 MP: 7/7
  2980 | D:4      | Reached skill level 7 in Axes
  2980 | D:4      | Reached skill level 1 in Invocations
  3200 | D:4      | Noticed Grinder
  3217 | D:4      | Killed Grinder
  3219 | D:4      | Noticed Natasha
  3225 | D:4      | Killed Natasha
  3385 | D:4      | Found an iron altar of Okawaru.
  3389 | D:4      | Reached ** piety under Zin
  3618 | D:4      | Reached skill level 8 in Axes
  3869 | D:4      | Noticed Natasha
  3877 | D:4      | Killed Natasha
  3948 | D:5      | Entered Level 5 of the Dungeon
  4006 | D:5      | Noticed Menkaure
  4012 | D:5      | Reached XP level 8. HP: 19/68 MP: 7/9
  4021 | D:5      | Killed Menkaure
  4283 | D:5      | Found a blossoming altar of Fedhas.
  4360 | D:5      | Found Mafuy's Antique Armour Emporium.
  4378 | D:5      | Found Ifakois's General Store.
  4391 | D:5      | Found Xoramiwk's Assorted Antiques.
  4407 | D:5      | Reached skill level 9 in Axes
  4438 | D:5      | Found Pipn's Distillery.
  4507 | D:5      | Noticed Eustachio
  4519 | D:5      | Killed Eustachio
  4573 | D:5      | Found an opulent altar of Gozag.
  4912 | D:6      | Found Yseugan's Antique Armour Shop.
  4980 | D:6      | Found a staircase to the Ecumenical Temple.
  4986 | D:6      | Reached skill level 5 in Dodging
  4992 | Temple   | Entered the Ecumenical Temple
  5227 | D:6      | Reached skill level 10 in Axes
  5287 | D:6      | Reached *** piety under Zin
  5455 | D:6      | Found Pustall's Magic Scroll Emporium.
  5470 | D:6      | Reached **** piety under Zin
  5546 | D:6      | Reached XP level 9. HP: 74/74 MP: 11/11
  5551 | D:6      | Reached skill level 1 in Evocations
  6314 | D:7      | Reached skill level 5 in Invocations
  6457 | D:7      | Found a white marble altar of Elyvilon.
  6730 | D:8      | Reached skill level 11 in Axes
  6760 | D:8      | Reached ***** piety under Zin
  6805 | D:8      | Noticed a two-headed ogre
  6815 | D:8      | Killed a two-headed ogre
  6864 | D:8      | Reached skill level 12 in Axes
  6972 | D:8      | Reached XP level 10. HP: 66/81 MP: 12/12
  7520 | D:9      | Noticed Psyche
  7528 | D:9      | Killed Psyche
  7528 | D:9      | Reached skill level 13 in Axes
  7653 | D:9      | Reached skill level 5 in Evocations
  7702 | D:9      | Learned a level 1 spell: Corona
  7853 | D:9      | Found a sacrificial altar of Ru.
  7888 | D:9      | Noticed a green ugly thing
  7896 | D:9      | Killed a green ugly thing
  8023 | D:9      | Noticed a two-headed ogre
  8032 | D:9      | Killed a two-headed ogre
  8285 | D:10     | Entered Level 10 of the Dungeon
  8485 | D:10     | Reached XP level 11. HP: 86/89 MP: 16/16
  8533 | D:10     | Reached skill level 14 in Axes
  8770 | D:10     | Found Quvomioh's Antique Armour Shoppe.
  8933 | D:10     | Noticed a five-headed hydra
  8947 | D:10     | Killed a five-headed hydra
  8956 | D:10     | Noticed a deep troll
  8980 | D:10     | HP: 1/91 [deep troll (13)]
  8982 | D:10     | Killed a deep troll
  9353 | D:10     | Noticed a two-headed ogre
  9359 | D:10     | Killed a two-headed ogre
  9630 | D:11     | Reached skill level 15 in Axes
  9653 | D:11     | Found a staircase to the Lair.
  9731 | D:11     | Reached skill level 5 in Spellcasting
  9830 | D:11     | Found a staircase to the Orcish Mines.
 10128 | D:11     | Reached ****** piety under Zin
 10173 | D:11     | Noticed a red ugly thing
 10191 | D:11     | Slain by a red ugly thing

Vault maps used:
D:1:      minmay_arrival_cross, minmay_tromino_v4_b
D:2:      lemuel_crystal_altar, old_standard_altar,
          nicolae_overflow_hidden_temple, uniq_sigmund, uniq_robin
D:3:      gammafunk_steamed_eel, yredelemnul_forgotten_temple_becter,
          nicolae_ashenzari_panopticon
D:4:      overflow_temple_1_default, uniq_grinder, uniq_natasha
D:5:      nicolae_gozag_seed_capital, fedhas_altar_3, serial_shops, shop, shop,
          shop, kennysheep_little_box, first_ration, dk_vineyard_2,
          wad_floor_pattern_untrapped, uniq_eustachio, uniq_menkaure
D:6:      minmay_temple_entry_large_hall, serial_shops, shop_coins, shop
D:7:      elyvilon_altar_3
D:8:      grunt_pizzeria
D:9:      nicolae_ru_great_annihilating_truth, uniq_psyche
D:10:     serial_shops, shop_statue, minmay_evil_grid
D:11:     due_lair_maze_entry_diamond, orc_0_dummy, grunt_ministairs_15,
          minmay_misc_feat_rows
Temple:   dpeg_chambers_temple

Skill      XL: |  1  2  3  4  5  6  7  8  9 10 11 |
---------------+----------------------------------+-----
Axes           | 3 5 6 8 10 12 13 15 | 15.4
Fighting       | 4 5 6 8 |  8.0
Armour         | 4 5 |  5.0
Dodging        | 2 3 5 |  5.0
Spellcasting   | 1 2 4 5 |  5.0
Invocations    | 2 4 5 |  5.0
Evocations     | 3 5 |  5.0
Shields        | |  3.6
Hexes          | |  0.6

Action                   |  1- 3 |  4- 6 |  7- 9 | 10-12 || total
-------------------------+-------+-------+-------+-------++-------
Melee: War axe           |    72 |   131 |   213 |   331 ||   747
       Headbutt          |     6 |    15 |    43 |    88 ||   152
       Trident           |       |       |       |    11 ||    11
Evoke: Wand              |       |       |     6 |    14 ||    20
  Use: Potion            |     1 |       |       |     7 ||     8
       Scroll            |       |     7 |     7 |     5 ||    19
 Stab: Paralysed         |       |       |       |     1 ||     1
  Eat: Chunk             |     1 |     5 |     7 |     8 ||    21
       Ration            |       |       |     2 |     1 ||     3
Armor: Scale mail        |    43 |    48 |       |       ||    91
       Chain mail        |       |    32 |    96 |    49 ||   177
       Plate armour      |       |       |       |   124 ||   124
Dodge: Dodged            |    41 |    94 |   101 |   123 ||   359

Table legend:
 A = Non-vault XP
 B = Vault XP
 C = Vault XP percentage of total XP
 D = Non-vault monster count
 E = Vault monster count
 F = Vault count percentage of total count
                 A         B        C        D         E       F
            +---------+---------+-------+---------+---------+-------
      Total |   11998 |    7215 |  37.6 |     278 |      44 |  13.7
            +---------+---------+-------+---------+---------+-------
        D:1 |      56 |       3 |   5.1 |      31 |       2 |   6.1
        D:2 |     181 |     274 |  60.2 |      32 |      12 |  27.3
        D:3 |     145 |       1 |   0.7 |      30 |       1 |   3.2
        D:4 |     408 |     322 |  44.1 |      15 |       2 |  11.8
        D:5 |     591 |     372 |  38.6 |      19 |       2 |   9.5
        D:6 |     581 |       0 |   0.0 |      19 |       0 |   0.0
        D:7 |     778 |       0 |   0.0 |      17 |       0 |   0.0
        D:8 |    2617 |     220 |   7.8 |      19 |       1 |   5.0
        D:9 |    3556 |     458 |  11.4 |      38 |       5 |  11.6
       D:10 |    1397 |    4593 |  76.7 |      34 |       9 |  20.9
       D:11 |    1688 |     972 |  36.5 |      24 |      10 |  29.4
            +---------+---------+-------+---------+---------+-------
